Map: [ESL] Equilibrium

Players

gumiho - Winner!

  • Race: Terran Terran
  • Spawn Location: 1:00

BlyOnFire (Bly)

  • Race: Zerg Zerg
  • Spawn Location: 11:00

Event: IEM Katowice 2024

VOD

Have the link to the VOD?

Description

Time

  • Played on: Dec. 7, 2023, 2:04 p.m.
  • Length: 11:11

All games in this series

Show
View Real Time Build Order
Export as new Build Order

gumiho Terran - Winner!

Build Orders: Command Center First 

Get SALT Encoding   

  12  0:00  SCV  
  13  0:12  SCV  
  14  0:18  Supply Depot  
  14  0:24  SCV  
  15  0:40  SCV  
  16  0:52  SCV  
  17  1:01  Command Center  
  18  1:04  SCV  
  18  1:15  Barracks  
  18  1:19  SCV  
  19  1:29  Refinery  
  19  1:31  SCV  
  20  1:33  Refinery  
  20  1:43  SCV  
  21  1:55  SCV  
  22  2:04  Marine  
  22  2:07  Orbital Command  
  23  2:13  Orbital Command  
  23  2:22  Factory  
  23  2:32  Bunker  
  23  2:33  Barracks Reactor  
  23  2:36  SCV  
  24  2:39  SCV  
  25  2:48  Supply Depot, SCV  
  26  2:51  SCV  
  26  3:00  SCV  
  26  3:03  SCV  
  28  3:07  Hellion, Starport  
  28  3:09  Marine x2  
  28  3:12  SCV  
  33  3:13  Supply Depot  
  33  3:15  SCV  
  34  3:34  SCV x2  
  34  3:39  Barracks Tech Lab, Hellion x2  
  40  3:46  Supply Depot, SCV x2  
  45  3:55  Bunker  
  45  3:58  SCV x2  
  45  4:01  Cyclone x2  
  48  4:05  Supply Depot  
  48  4:06  Supply Depot  
  48  4:07  Banshee  
  51  4:13  SCV x2  
  51  4:25  SCV x2  
  48  4:37  SCV  
  47  4:38  Hellion  
  47  4:44  SCV  
  45  4:52  Cyclone  
  46  4:53  SCV  
  46  4:56  SCV  
  46  4:57  Banshee  
  46  4:59  Cyclone  
  53  5:01  Cloaking Field  
  53  5:03  Barracks Tech Lab  
  53  5:05  SCV  
  54  5:08  SCV  
  55  5:17  SCV  
  55  5:20  SCV  
  56  5:28  Command Center  
  52  5:29  SCV  
  52  5:30  Hellion  
  52  5:32  Hellion, SCV  
  58  5:37  Refinery  
  58  5:38  Refinery  
  58  5:40  Supply Depot  
  58  5:41  SCV  
  58  5:42  Banshee  
  60  5:44  SCV  
  60  5:49  Supply Depot  
  61  5:51  Hellion  
  61  5:53  SCV  
  64  5:58  Factory, SCV  
  64  5:59  Factory  
  65  6:05  SCV  
  65  6:06  Supply Depot  
  65  6:07  Barracks Reactor  
  65  6:11  SCV  
  67  6:14  Supply Depot  
  67  6:15  Hellion x2  
  67  6:18  SCV  
  72  6:23  SCV  
  72  6:25  Banshee  
  76  6:30  SCV  
  76  6:32  Armory  
  77  6:35  SCV  
  77  6:37  Armory  
  78  6:42  SCV  
  78  6:43  Cyclone x2  
  83  6:47  SCV  
  83  6:50  Hurricane Engines  
  83  6:54  SCV, Engineering Bay  
  85  6:59  SCV  
  86  7:02  Cyclone x2  
  86  7:04  Cyclone  
  86  7:08  SCV, Refinery  
  93  7:11  Orbital Command, SCV  
  94  7:15  Banshee  
  94  7:20  SCV  
  94  7:22  Missile Turret  
  98  7:23  SCV  
  98  7:24  Missile Turret  
  99  7:31  Terran Vehicle Weapons Level 1, Terran Vehicle And Ship Armor Level 1  
  99  7:34  SCV  
  99  7:35  Supply Depot, SCV  
  101  7:38  Cyclone  
  101  7:40  Missile Turret, SCV  
  101  7:43  Cyclone  
  106  7:45  Cyclone, Hyperflight Rotors  
  106  7:47  Cyclone  
  106  7:50  Cyclone  
  112  7:53  SCV x2  
  112  7:58  Banshee, SCV  
  113  8:03  Supply Depot  
  113  8:05  SCV x2, Supply Depot, Missile Turret  
  117  8:10  SCV  
  117  8:11  Supply Depot  
  119  8:17  SCV  
  119  8:18  SCV  
  121  8:20  Cyclone x3  
  121  8:22  Cyclone  
  129  8:29  SCV x2  
  129  8:30  SCV  
  128  8:39  Cyclone  
  131  8:41  SCV  
  131  8:42  SCV x2  
  133  8:50  Command Center  
  133  8:52  Cyclone x3  
  133  8:53  SCV  
  140  8:58  Cyclone  
  133  9:12  Cyclone  
  131  9:24  Cyclone x2  
  131  9:25  Cyclone  
  131  9:30  Cyclone  
  127  9:38  Banshee  
  112  9:43  Factory  
  112  9:44  Refinery  
  115  9:51  Factory x2  
  115  9:56  Command Center x2  
  121  10:00  Hellion x4  
  121  10:03  Hellion  
  130  10:21  Hellion x4  
  130  10:24  Hellion  
  130  10:25  Banshee  
  137  10:28  Missile Turret  
  137  10:29  Cyclone  
  142  10:42  Hellion  
  142  10:43  Hellion x3  
  142  10:45  Missile Turret  
Show
View Real Time Build Order
Export as new Build Order

BlyOnFire Zerg 

Build Orders: Hatch First, Ravager All-In 

Get SALT Encoding   

  12  0:00  Drone  
  13  0:12  Overlord  
  13  0:17  Drone  
  14  0:30  Drone x2  
  16  0:49  Hatchery  
  15  0:54  Drone  
  15  0:56  Drone  
  17  1:02  Drone  
  18  1:17  Spawning Pool  
  17  1:23  Drone x2  
  19  1:32  Drone  
  20  1:38  Unknown  
  19  1:42  Drone  
  20  1:56  Drone  
  21  2:03  Drone x2  
  22  2:09  Queen x2  
  22  2:13  Zergling x2  
  27  2:17  Drone  
  28  2:24  Overlord  
  28  2:27  Metabolic Boost  
  28  2:34  Roach Warren  
  28  2:36  Drone  
  28  2:43  Drone  
  28  2:44  Drone  
  30  2:53  Drone x2  
  32  2:59  Overlord  
  32  3:16  Overlord x2  
  32  3:21  Hatchery  
  31  3:29  Roach x6  
  31  3:31  Zergling x4  
  44  3:42  Zergling x2  
  44  3:43  Zergling x4  
  44  3:45  Lair  
  44  3:46  Queen  
  49  3:50  Ravager x2  
  49  3:55  Zergling x10  
  56  4:00  Overlord  
  56  4:04  Overlord  
  54  4:20  Overlord  
  54  4:23  Overlord  
  54  4:31  Ravager  
  52  4:32  Ravager  
  52  4:33  Zergling x18  
  52  4:36  Ravager  
  58  4:46  Zergling x8  
  56  4:58  Roach x3  
  59  5:03  Glial Reconstitution, Spore Crawler x2  
  59  5:05  Drone x2  
  57  5:13  Drone, Spore Crawler  
  49  5:29  Drone  
  49  5:30  Drone x9  
  58  5:39  Drone  
  58  5:40  Drone  
  56  5:48  Drone  
  56  5:49  Drone x2  
  59  5:50  Extractor x2  
  57  5:59  Hatchery  
  57  6:00  Drone x3  
  59  6:07  Evolution Chamber  
  59  6:08  Evolution Chamber  
  57  6:13  Drone  
  57  6:14  Drone x11  
  69  6:21  Drone  
  66  6:27  Burrow, Tunneling Claws  
  66  6:33  Drone x3  
  66  6:34  Zerg Missile Weapons Level 1, Zerg Ground Armor Level 1, Queen  
  66  6:36  Overseer  
  71  6:49  Overlord  
  71  6:50  Extractor x2, Drone x4  
  71  6:51  Drone x2  
  71  6:52  Drone x2  
  71  6:53  Drone  
  78  6:58  Hatchery, Ravager  
  78  7:12  Roach x7  
  92  7:17  Drone  
  92  7:18  Drone x2, Overlord  
  95  7:25  Roach x4  
  103  7:38  Infestation Pit, Overlord  
  103  7:39  Spore Crawler  
  103  7:42  Roach x5  
  111  7:48  Overlord  
  111  8:03  Roach x4  
  119  8:08  Roach x8, Overlord x7  
  119  8:09  Overlord x6  
  119  8:14  Queen  
  119  8:17  Spire  
  117  8:23  Drone x5  
  120  8:27  Hydralisk Den  
  103  8:35  Infestor x3  
  104  8:44  Roach x9  
  104  8:47  Drone x3  
  106  8:49  Drone  
  106  8:50  Drone x10  
  106  8:51  Queen x2  
  106  8:54  Queen  
  109  9:06  Infestor  
  109  9:08  Roach x8  
  99  9:25  Spore Crawler x2  
  79  9:36  Mutalisk x7  
  85  9:50  Roach x8  
  85  9:52  Drone x10  
  95  9:54  Overseer  
  93  10:14  Roach x8  
  97  10:22  Roach x4  
  99  10:34  Roach x6  
  111  10:48  Roach x6  
  111  10:49  Roach x2  

Tags
 
Add a new tag
Caveats
  • Supply blocks, unpowered buildings, or Contaminate may cause inaccurate times.
  • Supply counts are checked every 10 seconds.